Map: Blackburn LE

Players

GunGFuBanDa - Winner!

  • Race: Protoss Protoss
  • League: Grandmaster

LiquidClem (Clem)

  • Race: Terran Terran
  • League: Grandmaster

Event: DreamHack SC2 Masters 2021 Summer

VOD

Have the link to the VOD?

Description

Time

  • Played on: May 28, 2021, 12:17 p.m.
  • Length: 8:56

All games in this series

Show
View Real Time Build Order
Export as new Build Order

GunGFuBanDa Protoss - Winner!

Build Orders: 1 Gate Expand, Oracle Opening, Zealot Archon 

Get SALT Encoding   

  12  0:00  Probe  
  13  0:12  Probe  
  14  0:18  Pylon  
  14  0:24  Probe (Chrono Boost)  
  15  0:36  Probe (Chrono Boost)  
  15  0:39  Gateway  
  16  0:45  Probe (Chrono Boost)  
  16  0:49  Assimilator  
  17  0:53  Probe  
  18  1:05  Probe  
  19  1:17  Probe  
  20  1:27  Cybernetics Core  
  20  1:35  Nexus  
  20  1:38  Probe  
  21  1:45  Pylon  
  21  1:50  Probe  
  22  1:58  Assimilator  
  22  2:01  Adept (Chrono Boost)  
  22  2:08  Probe  
  24  2:10  Shield Battery  
  24  2:20  Probe  
  24  2:21  Adept (Chrono Boost)  
  27  2:32  Probe  
  27  2:34  Stargate  
  28  2:41  Warp Gate  
  28  2:45  Probe (Chrono Boost)  
  28  2:48  Probe (Chrono Boost)  
  31  3:00  Probe (Chrono Boost)  
  31  3:03  Probe (Chrono Boost)  
  32  3:07  Probe (Chrono Boost)  
  32  3:09  Probe (Chrono Boost)  
  34  3:17  Oracle (Chrono Boost)  
  39  3:20  Probe x2 (Chrono Boost)  
  39  3:27  Probe  
  40  3:29  Probe  
  41  3:38  Pylon  
  41  3:39  Probe  
  41  3:41  Probe, Nexus  
  39  3:50  Shield Battery  
  39  3:51  Probe  
  39  3:52  Oracle (Chrono Boost)  
  39  3:53  Probe  
  44  4:00  Gateway  
  44  4:04  Pylon  
  44  4:08  Probe  
  45  4:10  Pylon  
  45  4:20  Probe  
  43  4:28  Probe  
  44  4:32  Probe, Stalker  
  47  4:39  Phoenix (Chrono Boost), Shield Battery  
  47  4:40  Gateway  
  47  4:42  Gateway x2  
  47  4:44  Probe  
  47  4:45  Probe  
  51  4:47  Assimilator  
  51  4:55  Phoenix (Chrono Boost)  
  51  4:56  Probe  
  51  4:57  Stalker  
  51  4:59  Stalker  
  58  5:08  Probe  
  58  5:12  Probe  
  59  5:15  Probe  
  59  5:17  Phoenix (Chrono Boost)  
  59  5:20  Probe  
  63  5:23  Adept x2  
  67  5:31  Probe  
  67  5:32  Probe  
  67  5:35  Adept  
  71  5:36  Phoenix  
  73  5:44  Stalker x2  
  73  5:47  Pylon  
  77  5:51  Probe x2, Pylon  
  77  6:05  Probe x2 (Chrono Boost)  
  77  6:10  Probe (Chrono Boost), Forge  
  76  6:15  Probe x2 (Chrono Boost), Twilight Council  
  79  6:18  Assimilator  
  79  6:19  Probe (Chrono Boost)  
  79  6:20  Probe x2 (Chrono Boost)  
  79  6:23  Robotics Facility  
  81  6:25  Assimilator  
  81  6:26  Pylon  
  81  6:29  Probe  
  81  6:31  Probe x2  
  84  6:34  Pylon  
  84  6:35  Protoss Ground Weapons Level 1 (Chrono Boost)  
  84  6:36  Pylon  
  84  6:41  Probe  
  84  6:43  Probe x2, Charge  
  87  6:48  Pylon  
  87  6:50  Pylon  
  88  6:55  Probe  
  88  6:56  Gateway  
  88  6:58  Gateway  
  88  7:00  Gateway  
  88  7:02  Gateway  
  88  7:07  Templar Archives  
  88  7:09  Zealot x2, Sentry  
  88  7:10  Zealot x2  
  88  7:11  Warp Prism  
  100  7:20  Pylon  
  100  7:21  Assimilator  
  100  7:25  Pylon, Nexus  
  100  7:34  Zealot x3  
  106  7:44  High Templar x2, Pylon  
  108  7:47  Observer (Chrono Boost)  
  108  7:48  Archon  
  109  7:54  High Templar x2  
  109  7:55  Zealot x4  
  109  7:57  Probe x3  
  109  7:58  Archon  
  124  8:06  Immortal (Chrono Boost)  
  124  8:10  Probe x3  
  131  8:17  Zealot x3  
  131  8:18  Zealot  
  139  8:22  Probe x2  
  141  8:28  Zealot x5  
  149  8:46  Zealot x4  
  145  8:50  Zealot x8  
Show
View Real Time Build Order
Export as new Build Order

LiquidClem Terran 

Build Orders: Reaper Expand 

Get SALT Encoding   

  12  0:00  SCV  
  13  0:12  SCV  
  14  0:17  Supply Depot  
  14  0:24  SCV  
  15  0:38  SCV  
  15  0:40  Barracks  
  16  0:43  Refinery  
  16  0:51  SCV  
  17  1:03  SCV  
  18  1:15  SCV  
  18  1:29  Orbital Command  
  18  1:30  Reaper  
  19  1:47  Command Center  
  19  1:55  SCV  
  20  2:01  Marine  
  20  2:04  Supply Depot  
  21  2:09  SCV  
  22  2:16  Factory  
  22  2:20  Marine  
  23  2:25  Bunker  
  23  2:28  SCV  
  24  2:36  Refinery  
  24  2:39  Barracks Reactor  
  24  2:40  SCV  
  25  2:52  SCV  
  26  3:00  Hellion  
  26  3:01  Starport  
  26  3:05  SCV  
  29  3:10  Orbital Command  
  28  3:16  Marine  
  28  3:17  SCV  
  28  3:18  Marine  
  31  3:21  Factory Tech Lab  
  31  3:29  SCV  
  32  3:34  Marine  
  32  3:36  SCV, Marine  
  32  3:41  SCV  
  36  3:43  Cyclone  
  36  3:48  SCV  
  36  3:50  Starport Tech Lab  
  36  3:53  SCV  
  36  3:55  Marine x2  
  39  3:58  Supply Depot  
  39  4:00  SCV  
  40  4:05  SCV  
  41  4:13  Viking  
  41  4:14  SCV  
  41  4:16  Cyclone  
  46  4:17  Marine  
  46  4:19  SCV  
  46  4:23  Marine  
  46  4:26  SCV  
  46  4:29  Supply Depot  
  47  4:31  SCV  
  47  4:35  Barracks  
  47  4:36  Marine  
  49  4:39  SCV  
  49  4:41  Marine  
  49  4:44  SCV  
  52  4:46  Viking  
  52  4:51  Siege Tank  
  57  4:53  Supply Depot  
  57  4:55  SCV  
  57  4:56  Marine  
  57  4:59  SCV  
  60  5:03  Marine  
  61  5:07  SCV  
  61  5:13  SCV  
  61  5:19  SCV  
  61  5:20  Barracks  
  62  5:21  Engineering Bay  
  62  5:24  Marine x2  
  62  5:25  SCV  
  65  5:30  Starport Reactor  
  65  5:31  SCV  
  67  5:37  SCV, Marine, Stimpack  
  67  5:39  Refinery  
  67  5:40  Refinery  
  67  5:41  Supply Depot  
  66  5:43  SCV  
  66  5:46  Supply Depot  
  66  5:49  SCV, Marine x2  
  70  5:55  SCV, Marine  
  65  6:01  SCV  
  53  6:05  Siege Tank  
  53  6:07  SCV, Missile Turret  
  53  6:09  Missile Turret  
  53  6:10  Barracks Tech Lab  
  53  6:11  Marine  
  54  6:12  Marine  
  58  6:18  Marauder  
  58  6:27  Command Center  
  58  6:30  Marauder  
  58  6:32  Combat Shield  
  60  6:34  Marine  
  60  6:35  Marine  
  62  6:41  SCV  
  62  6:42  SCV  
  62  6:43  Siege Tank  
  62  6:45  Marauder  
  68  6:49  Supply Depot  
  68  6:52  Marine  
  68  6:53  Marauder, Marine  
  72  6:56  Medivac  
  72  6:59  Supply Depot  
  72  7:00  SCV x2  
  76  7:04  Medivac  
  78  7:09  Marauder  
  78  7:10  Marine  
  78  7:11  Marine  
  78  7:14  SCV x2, Marauder  
  86  7:20  Barracks  
  86  7:23  Barracks  
  86  7:25  Siege Tank  
  86  7:28  Supply Depot  
  89  7:30  Marine  
  89  7:31  Marine  
  89  7:34  Marauder  
  89  7:36  Marauder  
  95  7:40  SCV  
  95  7:44  Supply Depot  
  95  7:49  SCV  
  96  7:52  SCV  
  96  7:55  Supply Depot  
  96  7:56  Marine x2  
  96  7:57  Marauder  
  101  7:59  Marauder, Siege Tank  
  101  8:05  SCV  
  107  8:10  SCV  
  107  8:11  Supply Depot  
  107  8:12  Orbital Command  
  108  8:14  Barracks Tech Lab  
  108  8:15  Barracks Reactor  
  108  8:17  Marine x2  
  108  8:19  SCV, Marauder  
  113  8:22  SCV  
  114  8:33  Marauder  
  121  8:34  Marauder  
  121  8:35  SCV  
Tags
 
Add a new tag
Caveats
  • Supply blocks, unpowered buildings, or Contaminate may cause inaccurate times.
  • Supply counts are checked every 10 seconds.